 Dungeon Crawl Stone Soup version 0.30.0-5-g1a98f26d00 (webtiles) character file.

Game seed: 16732415600519089063

19105 Demosthentine the Fighter (level 12, -1/87 HPs)
             Began as a Demonspawn Gladiator on May 11, 2023.
             Was a High Priest of Hepliaklqana.
             Collided with a rock wall (31 damage)
             ... caused by a rakshasa
             ... on level 12 of the Dungeon.
             The game lasted 00:14:28 (11982 turns).

Demosthentine the Fighter (Demonspawn Gladiator)   Turns: 11982, Time: 00:14:28

Health: -1/87      AC: 15    Str: 18    XL:     12   Next: 33%
Magic:  18/18      EV: 25    Int: 13    God:    Hepliaklqana [*****.]
Gold:   715        SH:  9    Dex: 17    Spells: 11/11 levels left

rFire   . . .        k - +3 trident (drain)
rCold   . . .        w - +0 buckler
rNeg    . . .        D - +0 steam dragon scales
rPois   .            c - +1 helmet
rElec   .            q - +0 cloak
rCorr   .            N - +4 pair of gloves of the Several Lives {Harm Regen+ Int+4}
SInv    .            (boots unavailable)
Will    +....        o - amulet of regeneration
Stlth   ++           x - +5 ring of evasion
HPRegen 1.94/turn    G - ring of willpower
MPRegen 0.16/turn

%: harm (+30% outgoing, +20% incoming)
@: no status effects
A: reduced essence, hooves 3, repulsion field 2, foul stench 2, condensation
shield
a: Renounce Religion, Recall Ancestor, Ancestor Identity, Transference, Idealise


You were on level 12 of the Dungeon.
You worshipped Hepliaklqana.
Hepliaklqana was extremely pleased with you.
You visited 2 branches of the dungeon, and saw 13 of its levels.
You also visited: Ossuary.

You collected 781 gold pieces.
You spent 66 gold pieces at shops.

Inventory:

Hand Weapons
 a - a +1 trident of electrocution
 k - a +3 trident of draining (weapon)
 A - a +0 demon trident
 K - a +0 dagger
Missiles
 d - 3 throwing nets (quivered)
 e - 24 javelins
 m - 16 boomerangs
 H - 5 datura-tipped darts
 I - 31 poisoned darts
 J - 2 curare-tipped darts
Armour
 c - a +1 helmet (worn)
 q - a +0 cloak (worn)
 w - a +0 buckler (worn)
 D - +0 steam dragon scales (worn)
 N - the +4 pair of gloves of the Several Lives (worn) {Harm Regen+ Int+4}
   (You found it on level 12 of the Dungeon)

   Int:       It affects your intelligence (+4).
   Regen:     It increases your rate of health regeneration.
   Harm:      It increases damage dealt and taken.
Jewellery
 o - an amulet of regeneration (around neck)
 v - an amulet of reflection
 x - a +5 ring of evasion (left hand)
 G - a ring of willpower (right hand)
Wands
 z - a wand of flame (5)
 F - a wand of acid (4)
Scrolls
 i - 2 scrolls of amnesia
 n - a scroll of teleportation
 t - 3 scrolls of fog
 u - a scroll of magic mapping
 y - 2 scrolls of enchant armour
 L - a scroll of enchant weapon
 M - a scroll of blinking
Potions
 b - a potion of cancellation {unknown}
 f - a potion of magic
 g - 7 potions of curing
 h - 2 potions of might
 j - 4 potions of heal wounds
 l - 2 potions of brilliance
 p - a potion of resistance
 r - 4 potions of mutation {unknown}
 s - 3 potions of flight
 B - a potion of haste
 C - 2 potions of lignification {unknown}
 E - a potion of ambrosia {unknown}


   Skills:
 + Level 10.3 Fighting
 + Level 9.6 Polearms
 - Level 1.7 Throwing
 - Level 6.3 Armour
 + Level 9.6 Dodging
 - Level 4.8 Shields
 + Level 9.1 Invocations


You had 11 spell levels left.
You didn't know any spells.
Your spell library contained the following spells:

 Spells                   Type           Power      Damage    Failure   Level
 Necrotise                Necr           0%         1d4       36%         1
 Summon Small Mammal      Summ           0%         N/A       36%         1
 Blink                    Tloc           0%         N/A       50%         2
 Ensorcelled Hibernation  Hex/Ice        0%         N/A       50%         2
 Lesser Beckoning         Tloc           0%         N/A       50%         2
 Momentum Strike          Conj/Tloc      0%         3d8       50%         2
 Passwall                 Tmut/Erth      0%         N/A       50%         2
 Call Canine Familiar     Summ           0%         N/A       75%         3
 Inner Flame              Hex/Fire       0%         N/A       75%         3
 Summon Guardian Golem    Hex/Summ       0%         N/A       75%         3
 Swiftness                Air            0%         N/A       75%         3
 Vampiric Draining        Necr           0%         2d6       75%         3
 Leda's Liquefaction      Hex/Erth       0%         N/A       98%         4
 Agony                    Necr           0%         N/A       100%        5
 Lee's Rapid Deconstruct  Erth           0%         3d4*      100%        5
 Yara's Violent Unravell  Hex/Tmut       0%         3d3       100%        5
 Simulacrum               Ice/Necr       0%         N/A       100%        6
 Statue Form              Tmut/Erth      0%         N/A       100%        6
 Enfeeble                 Hex            0%         N/A       100%        7
 Ozocubu's Refrigeration  Ice            0%         4d7       100%        7
 Polar Vortex             Ice            0%         N/A       100%        9


Dungeon Overview and Level Annotations

Branches:
Dungeon (12/15)            Temple (1/1) D:5            Lair (0/5) D:10
    Orc (0/2) D:12        Ossuary (visited)

Altars:
Ashenzari
Cheibriados
Dithmenos
Fedhas
Gozag
Hepliaklqana
Kikubaaqudgha
Makhleb
Nemelex Xobeh
Okawaru
Qazlal
Ru
Sif Muna
Trog
Uskayaw
Vehumet
Wu Jian
Xom
Yredelemnul

Shops:
D:3 =[   D:4 :!(   D:8 (


Innate Abilities, Weirdness & Mutations

Your life essence is reduced to manifest your ancestor. (-10% HP)
You have hooves in place of feet.
You are surrounded by a moderate repulsion field. (EV +3)
You sometimes emit foul miasma when damaged in melee.
A meltable shield of frost defends you. (SH +4)


Message History

The rakshasa is severely wounded.
The rakshasa barely misses you.
The rakshasa hits you with a +0 long sword.
You emit a cloud of foul miasma!
Unknown command.
You hit the rakshasa but do no damage.
The rakshasa is severely wounded.
The rakshasa hits you with a +0 long sword!
You block the rakshasa's attack.
Unknown command.
You closely miss the rakshasa.
The rakshasa is severely wounded.
The rakshasa misses you. You block the rakshasa's attack.
Unknown command.
You hit the rakshasa but do no damage.
The rakshasa is severely wounded.
You block the rakshasa's attack. The rakshasa closely misses you.
Unknown command.
You hit the rakshasa but do no damage. You kick the rakshasa.
The rakshasa is severely wounded.
Unknown command.
You hit the rakshasa.
You kick the rakshasa, but do no damage.
The rakshasa is almost dead.
The rakshasa hits you with a +0 long sword.
The rakshasa gestures at you. The lance of force hits you.
You are knocked back by the lance of force.
You slam into the rock wall!
Reach: k) +3 trident (drain)
Press: ? - help, Dir - move target, f - rakshasa
Aim: a rakshasa, wielding a +0 long sword and wearing a +0 robe (foul pestilence, almost dead, about 40% to evade your +3 trident of draining)
You reach to attack!
You hit the rakshasa but do no damage.
The rakshasa is almost dead.
The rakshasa hits you but does no damage.
The rakshasa gestures at you. The lance of force hits you.
You are knocked back by the lance of force.
You slam into the rock wall!
You die...

#.##..### #.. #.###...# #.#
#.# ###.# #.# ##.# #.# #)#
### #..# #.## ###.####.###
#.## #..# ##........... ##.#
##.# #..#....†....
##..#######.## #.##...######
#.........R.@####.##.....###.
##########.R.......)......#..
#....#.#..##.....)#°.
#....#..)###......)O.
########........# #......#OO
#..............## #...B..#..
#..............## #.....##..
#........###.#..# #.#.###...
#.......## #.##.# #.#.# ....


You could see 2 rakshasas.

Vanquished Creatures
  Snorg (D:10)
  An ogre mage (D:11)
  A boulder beetle (D:12)
  A shock serpent (shapeshifter) (D:12)
  Sonja (D:12)
  Lodul (D:12)
  A wizard (D:11)
  An orc knight (D:12)
  A deep elf pyromancer (D:10)
  A kobold demonologist (D:10)
  A yaktaur (D:12)
  A rime drake (D:10)
  A komodo dragon (D:10)
  4 trolls
  A polar bear (D:10)
  Sigmund (D:6)
  10 yaks
  A shadow (D:10)
  A wraith (D:12)
  Grum (D:10)
  2 wyverns
  A steam dragon (D:10)
  A water moccasin (D:7)
  Duvessa (D:6)
  2 acid dragons
  4 orc warriors
  4 ice beasts
  9 ogres
  5 centaurs
  4 wolves (D:10)
  A phantom (D:7)
  4 kobold brigands
  4 bullfrogs
  3 gnoll sergeants
  Dowan (D:6)
  A water moccasin zombie (Ossuary)
  7 wights
  A killer bee (D:10)
  2 howler monkeys (D:7)
  2 quasits (D:8)
  7 orc priests
  A hound (D:6)
  A hexer (D:12)
  An iguana (D:6)
  6 orc wizards
  3 mummies
  14 gnolls
  10 adders
  2 shadow imps (D:8)
  3 white imps
  3 ufetubi (D:8)
  5 adder zombies (Ossuary)
  4 worms
  29 orcs
  5 endoplasms
  7 giant cockroaches
  A gnoll zombie (Ossuary)
  8 goblins
  4 hobgoblins
  4 jackals
  13 kobolds
  5 quokkas
  7 ball pythons
  6 bats
  A frilled lizard (D:3)
  10 hobgoblin zombies (Ossuary)
  A kobold zombie (D:6)
  4 orc zombies
  5 rats
261 creatures vanquished.

Vanquished Creatures (collateral kills)
  Erolcha (D:10)
  Urug (D:10)
  Nergalle (D:10)
  A cyclops (D:11)
  Joseph (D:7)
  2 unseen horrors
  2 polar bears (D:10)
  A wraith (D:12)
  2 yaks
  A steam dragon (D:10)
  2 water moccasins
  2 orc warriors
  An ice beast (D:10)
  A kobold brigand (D:10)
  4 wights
  3 killer bees (D:10)
  5 howler monkeys
  An orc priest (D:11)
  A gnoll bouda (D:7)
  2 orc wizards
  3 gnolls
  A white imp (D:7)
  An ufetubus (D:8)
  7 orcs
  A kobold (D:8)
48 creatures vanquished.

Vanquished Creatures (others)
  An orc wizard (D:12)
  6 hexers
  An ancestor (D:7)
8 creatures vanquished.

Grand Total: 317 creatures vanquished

Notes
Turn   | Place    | Note
-------+----------+-------------------------------------------
     0 | D:1      | Demosthentine the Demonspawn Gladiator began the quest for
                  | the Orb.
     0 | D:1      | Reached XP level 1. HP: 16/16 MP: 1/1
   134 | D:1      | Gained mutation: You have large cloven feet. [demonic
                  | ancestry]
   134 | D:1      | Reached XP level 2. HP: 14/22 MP: 2/2
   918 | D:2      | Reached skill level 1 in Armour
   918 | D:2      | Gained mutation: You are surrounded by a mild repulsion
                  | field. (EV +2) [demonic ancestry]
   918 | D:2      | Reached XP level 3. HP: 28/28 MP: 3/3
  1294 | D:2      | Gained mutation: You are surrounded by a moderate repulsion
                  | field. (EV +3) [demonic ancestry]
  1294 | D:2      | Reached XP level 4. HP: 32/34 MP: 4/4
  1668 | D:3      | Reached skill level 3 in Fighting
  1967 | D:3      | Found Posaaplomai's Jewellery Boutique.
  2047 | D:3      | Gained mutation: A meltable shield of frost defends you.
                  | (SH +4) [demonic ancestry]
  2047 | D:3      | Reached XP level 5. HP: 41/41 MP: 5/5
  2102 | D:3      | Found Caogaba's Armour Boutique.
  2363 | D:4      | Found Huwodghoso's Book Shoppe.
  2458 | D:4      | Found Ecarph's Distillery.
  2466 | D:4      | Found Caogaba's Weapon Shoppe.
  2921 | D:4      | Noticed an ogre
  2928 | D:4      | Killed an ogre
  2929 | D:4      | Reached XP level 6. HP: 43/47 MP: 6/6
  3588 | D:5      | Entered Level 5 of the Dungeon
  3604 | D:5      | Found a broken altar of Ashenzari.
  3862 | D:5      | Found a staircase to the Ecumenical Temple.
  4227 | Temple   | Entered the Ecumenical Temple
  4406 | Temple   | Became a worshipper of Hepliaklqana the Forgotten
  4463 | D:6      | Reached skill level 4 in Fighting
  4503 | D:6      | Found a sand-covered staircase.
  4510 | Ossuary  | Entered an ossuary
  4558 | Ossuary  | Gained mutation: You have hoof-like feet. [demonic
                  | ancestry]
  4558 | Ossuary  | Reached XP level 7. HP: 54/54 MP: 7/7
  4902 | D:6      | Reached * piety under Hepliaklqana
  5209 | D:6      | Noticed Duvessa
  5209 | D:6      | Noticed Dowan
  5219 | D:6      | Killed Duvessa
  5220 | D:6      | Reached skill level 5 in Polearms
  5225 | D:6      | Killed Dowan
  5226 | D:6      | Reached skill level 5 in Fighting
  5226 | D:6      | Reached skill level 5 in Dodging
  5226 | D:6      | Gained mutation: You may rarely emit foul miasma when
                  | damaged in melee. [demonic ancestry]
  5226 | D:6      | Reached XP level 8. HP: 55/55 MP: 8/8
  5321 | D:6      | Noticed Sigmund
  5330 | D:6      | Killed Sigmund
  5771 | D:7      | Reached ** piety under Hepliaklqana
  5899 | D:7      | Reached skill level 5 in Armour
  5944 | D:7      | Reached skill level 6 in Fighting
  6058 | D:7      | Noticed Joseph
  6082 | D:7      | Killed Joseph
  6083 | D:7      | Reached XP level 9. HP: 30/63 MP: 9/9
  6084 | D:7      | Remembered your ancestor Henutmehyt as a hexer
  6476 | D:8      | Reached skill level 7 in Fighting
  6791 | D:8      | Found Xere Pock's Weapon Shop.
  6813 | D:8      | Bought 2 throwing nets for 66 gold pieces
  7346 | D:8      | Reached *** piety under Hepliaklqana
  7695 | D:9      | Reached skill level 1 in Invocations
  7704 | D:9      | Reached XP level 10. HP: 64/71 MP: 9/11
  7711 | D:9      | Reached skill level 1 in Shields
  8373 | D:10     | Entered Level 10 of the Dungeon
  8464 | D:10     | Noticed Snorg
  8472 | D:10     | Killed Snorg
  8473 | D:10     | Reached skill level 8 in Fighting
  8536 | D:10     | Noticed a deep elf pyromancer
  8543 | D:10     | Killed a deep elf pyromancer
  8682 | D:10     | Reached **** piety under Hepliaklqana
  8708 | D:10     | Noticed Grum
  8719 | D:10     | Killed Grum
  8720 | D:10     | Reached skill level 5 in Invocations
  8757 | D:10     | Found a staircase to the Lair.
  8774 | D:10     | Gained mutation: You sometimes emit foul miasma when
                  | damaged in melee. [demonic ancestry]
  8774 | D:10     | Reached XP level 11. HP: 73/78 MP: 14/14
  8879 | D:10     | Noticed Urug
  8896 | D:10     | Killed Urug
  8915 | D:10     | Noticed Erolcha
  8924 | D:10     | Killed Erolcha
  9036 | D:10     | Reached skill level 9 in Fighting
  9136 | D:10     | Noticed Nergalle
  9146 | D:10     | Killed Nergalle
  9908 | D:11     | Noticed a wizard
  9915 | D:11     | Killed a wizard
 10308 | D:11     | Reached ***** piety under Hepliaklqana
 11312 | D:12     | Found a staircase to the Orcish Mines.
 11366 | D:12     | Noticed Sonja
 11385 | D:12     | Noticed an ogre mage
 11388 | D:12     | Killed Sonja
 11412 | D:11     | Paralysed by something for 2 turns
 11414 | D:11     | Killed an ogre mage
 11470 | D:12     | Gained mutation: You have hooves in place of feet. [demonic
                  | ancestry]
 11470 | D:12     | Reached XP level 12. HP: 28/87 MP: 18/18
 11510 | D:12     | Noticed a boulder beetle
 11522 | D:12     | Noticed Lodul
 11708 | D:12     | Identified the +4 pair of gloves of the Several Lives {Harm
                  | Regen+ Int+4}
 11809 | D:12     | Reached skill level 10 in Fighting
 11886 | D:12     | Noticed a rakshasa
 11921 | D:12     | Killed Lodul
 11948 | D:12     | Killed a boulder beetle
 11982 | D:12     | Collided with a rock wall

Illustrated notes

Levels and vault maps discovered:
D:1:      dpeg_arrival_brainrot, layout_basic
D:2:      layout_basic, minmay_misc_feat_alley
D:3:      layout_loops_cross, serial_shops, nicolae_diamond_shop,
          nicolae_shop_gaudy_bauble
D:4:      layout_layer_cave, nicolae_shop_distant_corner_stores
D:5:      layout_basic, cheibrodos_ashenzari_chains,
          minmay_temple_entry_junction, minivault_26
D:6:      dreamdust_elfheim, layout_cave_pods, nicolae_ossuary_entry_giza,
          serial_bayou_crossing, uniq_sigmund
D:7:      layout_gridville, minmay_misc_feat_tower, minivault_5, uniq_joseph
D:8:      layout_layer_cave, serial_demonic, serial_demonic_d, serial_demonic_a,
          serial_demonic_d, serial_demonic_c, serial_demonic_f,
          serial_demonic_e, serial_demonic_f, serial_shops,
          nicolae_shop_peninsula, minmay_misc_feat_five
D:9:      layout_basic
D:10:     layout_grid_maze, hellmonk_lair_entry_icy, uniq_urug, uniq_nergalle,
          uniq_snorg, uniq_erolcha, uniq_grum
D:11:     layout_stronghold
D:12:     minmay_curly_fans, layout_rooms, uniq_lodul, uniq_sonja, uniq_azrael
Temple:   minmay_crystal_snake_temple

Skill      XL: |  1  2  3  4  5  6  7  8  9 10 11 12 |
---------------+-------------------------------------+-----
Polearms       | 3 4 5 6 7 8 9 |  9.6
Dodging        | 3 4 5 6 7 8 9 |  9.6
Armour         | 1 2 3 4 5 6 |  6.3
Fighting       | 3 4 5 6 7 8 9 10 | 10.3
Invocations    | 1 5 8 9 |  9.1
Shields        | 3 4 |  4.8
Throwing       | |  1.7

Action                     |  1- 3 |  4- 6 |  7- 9 | 10-12 || total
---------------------------+-------+-------+-------+-------++-------
  Melee: Trident           |   121 |   133 |   305 |   492 ||  1051
         Kick              |    20 |    25 |    86 |   144 ||   275
         Punch             |     1 |     1 |     4 |     3 ||     9
  Throw: Throwing net      |       |       |       |     5 ||     5
 Invoke: Ancestor Life: He |       |       |     1 |       ||     1
         Recall Ancestor   |       |       |       |     2 ||     2
    Use: Scroll            |     3 |    13 |     7 |     2 ||    25
         Potion            |       |       |       |     2 ||     2
   Stab: Sleeping          |     1 |     2 |     1 |     2 ||     6
         Distracted        |       |       |     4 |    13 ||    17
         Confused          |       |       |       |    16 ||    16
         Held in net/web   |       |       |       |     2 ||     2
 Armour: Leather armour    |    32 |    15 |    39 |    19 ||   105
         Steam dragon scal |       |       |       |    22 ||    22
  Dodge: Dodged            |    62 |    64 |   209 |   308 ||   643
  Block: Other             |       |     7 |    49 |    36 ||    92
         Buckler           |       |       |       |    62 ||    62
